 Dungeon Crawl Stone Soup version 0.18-a0-1784-ga939a68 (webtiles) character file.

58 wvc the Insei (level 3, -1/29 HPs)
             Began as a Demonspawn Monk on Apr 18, 2016.
             Killed from afar by namelastname112's ghost (8 damage)
             ... with a magic dart
             ... on level 3 of the Dungeon.
             The game lasted 00:03:15 (1917 turns).

wvc the Insei (Demonspawn Monk)                     Turns: 1917, Time: 00:03:16

Health: -1/29      AC:  1    Str: 11    XL:     3   Next: 76%
Magic:  3/3        EV: 15    Int: 11    God:
Gold:   124        SH:  0    Dex: 16    Spells: 0 memorised, 2 levels left

rFire  . . .     SeeInvis +       - Unarmed
rCold  . . .     Gourm    +     a - +0 robe
rNeg   . . .     Faith    .     (no shield)
rPois  .         Spirit   .     (no helmet)
rElec  .         Dismiss  .     (no cloak)
rCorr  .         Reflect  .     (no gloves)
SustAt .         Harm     .     (no boots)
MR     .....                    e - amulet of the gourmand
Stlth  ++........               (no ring)
                                d - ring of see invisible

@: not resistant to hostile enchantments, unstealthy
A: repulsion field 1, blurry vision 1, deformed body, subdued magic 1
a: no special abilities


You were on level 3 of the Dungeon.
You were very full.

You visited 1 branch of the dungeon, and saw 3 of its levels.

You collected 124 gold pieces.

Inventory:

Armour
 a - a +0 robe (worn)
Jewellery
 d - a ring of see invisible (left hand)
 e - an amulet of the gourmand (around neck)
Scrolls
 c - 2 scrolls of teleportation
Potions
 j - a potion of agility {unknown}
 n - a potion of berserk rage {unknown}
 p - a potion of brilliance {unknown}
 q - a potion of heal wounds {unknown}
Miscellaneous
 o - a plain deck of defence
Comestibles
 b - 3 bread rations
 f - 2 meat rations
 g - a slice of pizza
 h - a royal jelly
 k - a beef jerky
 l - 3 fruits


   Skills:
 - Level 3.0 Fighting
 - Level 2.6 Dodging
 - Level 1.7 Stealth
 * Level 5.0 Unarmed Combat


You had 2 spell levels left.
You didn't know any spells.

Dungeon Overview and Level Annotations

Branches:
Dungeon (3/15)

Altars:
Nemelex Xobeh

Annotations:
D:3 namelastname112's ghost, amateur DrCj


Innate Abilities, Weirdness & Mutations

You are surrounded by a mild repulsion field (EV +2).
Scrolls take you a little longer to read.
Armour fits poorly on your strangely shaped body.
Your spells are a little easier to cast, but a little less powerful.


Message History

You hit namelastname112's ghost.
Namelastname112's ghost is lightly damaged.
Namelastname112's ghost misses you.
You closely miss namelastname112's ghost.
Namelastname112's ghost is lightly damaged.
Namelastname112's ghost closely misses you.
You hit namelastname112's ghost.
Namelastname112's ghost is lightly damaged.
Namelastname112's ghost hits you.
You completely miss namelastname112's ghost.
Namelastname112's ghost is lightly damaged.
Namelastname112's ghost points at you and mumbles some strange words.
The magic dart hits you!
* * * LOW HITPOINT WARNING * * *
You are too injured to fight recklessly!
You are too injured to fight recklessly!
You are too injured to fight recklessly!
Namelastname112's ghost points at you and mumbles some strange words.
The magic dart hits you!
You die...

.......... ..#
#.######## ###.#
.........# .#.##
##.......# ...
#.......# #.#
##.....## #.# #.....#
#.#
###.....###########.#
...........)....@.W.#
###.....#############
#.....# #.....#
#.....# #######


You could see namelastname112's ghost.

Vanquished Creatures
  An adder (D:2)
  A worm (D:2)
  A dart slug (D:1)
  2 giant geckos
  2 ball pythons
  5 giant cockroaches
  6 goblins
  2 hobgoblins
  7 kobolds
  6 bats
  A giant newt (D:1)
  5 rats
39 creatures vanquished.

Notes
Turn   | Place    | Note
--------------------------------------------------------------
     0 | D:1      | wvc the Demonspawn Monk began the quest for the Orb.
     0 | D:1      | Reached XP level 1. HP: 18/18 MP: 1/1
   121 | D:1      | Reached skill level 4 in Unarmed Combat
   161 | D:1      | Gained mutation: You are surrounded by a mild repulsion field (EV +2). [demonic ancestry]
   161 | D:1      | Reached XP level 2. HP: 19/24 MP: 2/2
   958 | D:2      | Reached XP level 3. HP: 23/29 MP: 3/3
  1145 | D:2      | Found a faded altar to an unknown god.
  1169 | D:2      | Gained mutation: Your magical capacity is low (-10% MP). [potion of mutation]
  1169 | D:2      | Gained mutation: Armour fits poorly on your strangely shaped body. [potion of mutation]
  1169 | D:2      | Gained mutation: Scrolls take you a little longer to read. [potion of mutation]
  1171 | D:2      | Gained mutation: Your spells are a little easier to cast, but a little less powerful. [potion of mutation]
  1171 | D:2      | Lost mutation: Your magical capacity is low (-10% MP). [potion of mutation]
  1457 | D:2      | Found a sparkling altar of Nemelex Xobeh.
  1815 | D:2      | Reached skill level 5 in Unarmed Combat
  1907 | D:3      | Noticed namelastname112's ghost (amateur DrCj)
  1917 | D:3      | Killed from afar by namelastname112's ghost

Vault maps used:
D:1:      ncdulo_watergridlock
D:2:      nemelex_deck, ecumenical_altar_2
D:3:      elyvilon_altar_4

Skill      XL: |  1  2  3 |
---------------+----------+-----
Unarmed Combat | 4 5 |  5.0
Fighting       | |  3.0
Dodging        | |  2.6
Stealth        | |  1.7

Action                   || total
-------------------------++-------
Melee: Unarmed           ||   137
       Punch             ||     3
  Use: Scroll            ||     4
       Potion            ||     3
 Stab: Sleeping          ||     4
  Eat: Chunk             ||    13
Armor: Robe              ||    23
Dodge: Dodged            ||    96
